 Dungeon Crawl Stone Soup version 0.30.0-15-g856e2d3f33 (webtiles) character file.

Game seed: 12878589568956111959

107 SnakkuSnakku7 the Shooter (level 4, -1/27 HPs)
             Began as a Tengu Hexslinger on May 18, 2023.
             Slain by a gnoll
             ... wielding a +1 heavy halberd
             ... led by a gnoll bouda
              (12 damage)
             ... on level 4 of the Dungeon.
             The game lasted 00:03:01 (1184 turns).

SnakkuSnakku7 the Shooter (Tengu Hexslinger)        Turns: 1184, Time: 00:03:02

Health: -1/27      AC:  2    Str: 10    XL:     4   Next: 85%
Magic:  0/6        EV: 12    Int: 13    God:
Gold:   106        SH:  0    Dex: 17    Spells: 4/5 levels left

rFire   . . .        (no weapon)
rCold   . . .        (no shield)
rNeg    . . .        c - +0 robe
rPois   .            (helmet restricted)
rElec   .            (no cloak)
rCorr   .            (no gloves)
SInv    .            (boots unavailable)
Will    .....        d - amulet of guardian spirit
Stlth   ++           (no ring)
HPRegen 0.24/turn    (no ring)
MPRegen 0.10/turn

%: guardian spirit
@: on berserk cooldown, attractive, hasted (expiring), very quick
A: beak, talons 3
a: no special abilities


You were on level 4 of the Dungeon.
You visited 1 branch of the dungeon, and saw 4 of its levels.

You collected 106 gold pieces.

Inventory:

Hand Weapons
 a - a +1 sling
Armour
 c - a +0 robe (worn)
Jewellery
 d - an amulet of guardian spirit (around neck)
Scrolls
 b - a scroll of poison
 f - a scroll of immolation {unknown}
 g - a scroll of teleportation
 h - a scroll of torment {unknown}
 k - a scroll of amnesia {unknown}
 o - a scroll of fog {unknown}
 p - a scroll of fear {unknown}


   Skills:
 + Level 2.4 Fighting
 + Level 4.6 Ranged Weapons
 - Level 2.1 Dodging
 - Level 1.0 Spellcasting
 - Level 2.1 Hexes


You had 4 spell levels left.
You knew the following spells:

 Your Spells              Type           Power      Damage    Failure   Level
a - Slow                  Hex            24%        N/A       12%         1

Your spell library contained the following spells:

 Spells                   Type           Power      Damage    Failure   Level
 Inner Flame              Hex/Fire       3%         N/A       47%         3
 Portal Projectile        Hex/Tloc       6%         N/A       47%         3
 Call Canine Familiar     Summ           0%         N/A       63%         3
 Cause Fear               Hex            3%         N/A       75%         4
 Leda's Liquefaction      Hex/Erth       1%         N/A       87%         4
 Yara's Violent Unravell  Hex/Tmut       1%         3d3       99%         5
 Enfeeble                 Hex            3%         N/A       100%        7


Dungeon Overview and Level Annotations

Branches:
Dungeon (3/15)

Altars:

Shops:
D:4 !

Annotations:
D:2 Natasha


Innate Abilities, Weirdness & Mutations

You have a beak for a mouth.
You have claws for feet.


Message History

* * * LOW HITPOINT WARNING * * *
Unknown command.
Really quaff the potion of attraction?
You feel attractive to monsters.
You feel sick. The gnoll is attracted toward you.
You cannot move. (Use ctrl+direction or * direction to attack while stationary and confused.)
You cannot move. (Use ctrl+direction or * direction to attack while stationary and confused.)
You smack the gnoll!
The gnoll is heavily wounded.
You feel less invigorated.
You feel less confused.
You feel sick.
You are no longer poisoned.
The gnoll hits you but does no damage.
You hit the gnoll.
The gnoll is heavily wounded.
The gnoll hits you but does no damage.
You hit the gnoll.
The gnoll is almost dead.
You hit the gnoll but do no damage.
The gnoll is almost dead.
The gnoll is no longer moving quickly.
The gnoll hits you but does no damage.
You hit the gnoll.
You kill the gnoll!
You start resting.
Your transformation is almost over.
You feel less wooden.
Your +0 robe unmelds from your body.
You start resting.
Your extra speed is starting to run out.
A gnoll comes into view. It is wielding a +1 heavy halberd.
The gnoll is attracted toward you. The gnoll is attracted toward you.
Things that are here:
a +0 whip; 7 poisoned darts; a kobold corpse You hit the gnoll but do no damage.
You claw the gnoll, but do no damage. Your peck misses the gnoll.
You feel yourself speed up.
The gnoll hits you with a +1 heavy halberd!!
You die...

... .....#. ...
......∩ ....
....K.. .....
.......
.....####.......##
#.......# ..##
#.......# ....#
...
#.......####.....§
#..
#........@g).§..#
..
#.......####....#
.#### #.......#
#### ....
#.......# ..
####..... # #.....
# #...... ##
#...... .#


You could see a gnoll.

Vanquished Creatures
  A gnoll bouda (D:4)
  A gnoll (D:4)
  An adder (D:2)
  A dart slug (D:3)
  2 orcs
  4 bats
  5 endoplasms
  2 giant cockroaches
  5 goblins
  2 hobgoblins (D:4)
  8 jackals
  8 ball pythons
  3 kobolds
  7 rats
50 creatures vanquished.

Notes
Turn   | Place    | Note
-------+----------+-------------------------------------------
     0 | D:1      | SnakkuSnakku7 the Tengu Hexslinger began the quest for the
                  | Orb.
     0 | D:1      | Reached XP level 1. HP: 12/12 MP: 3/3
    43 | D:1      | Reached XP level 2. HP: 14/16 MP: 4/4
    83 | D:1      | Reached skill level 3 in Ranged Weapons
   359 | D:1      | Reached XP level 3. HP: 20/20 MP: 5/5
   689 | D:2      | Reached skill level 4 in Ranged Weapons
   891 | D:2      | Noticed Natasha
  1084 | D:3      | Reached XP level 4. HP: 26/26 MP: 6/6
  1107 | D:3      | You fall into a shaft and drop 1 floor!
  1134 | D:4      | Found Eweff's Distillery.
  1184 | D:4      | Slain by a gnoll

Illustrated notes

Levels and vault maps discovered:
D:1:      ldierk_walled_garden, layout_basic, minmay_misc_feat_iff
D:2:      layout_rooms, serial_forest, infiniplex_forest_lined_2,
          infiniplex_forest_clump_small, infiniplex_forest_clump_cross,
          infiniplex_forest_lined_3_way, infiniplex_forest_clump_C,
          infiniplex_forest_straight_4, infiniplex_forest_lined_3_way,
          infiniplex_forest_clump_C, infiniplex_forest_lined_ring,
          kennysheep_generic_room_14, uniq_sigmund, uniq_natasha
D:3:      layout_rooms, uniq_terence, uniq_jessica
D:4:      layout_basic, serial_shops, shop, minmay_between

Skill      XL: |  1  2  3  4 |
---------------+-------------+-----
Ranged Weapons | 3 4 |  4.6
Fighting       | 2 |  2.4
Dodging        | |  2.1
Spellcasting   | |  1.0
Hexes          | |  2.1

Action                     |  1- 3 |  4- 6 || total
---------------------------+-------+-------++-------
  Melee: Unarmed           |       |    13 ||    13
         Kick              |       |     1 ||     1
   Fire: Sling             |   106 |    18 ||   124
    Use: Scroll            |     1 |     5 ||     6
         Potion            |       |     7 ||     7
 Armour: Robe              |    13 |     3 ||    16
         Skin              |       |     9 ||     9
  Dodge: Dodged            |    36 |    14 ||    50
